 Dungeon Crawl Stone Soup version 0.28-a0-474-g535839065c (webtiles) character file.

Game seed: 6463503976769290117

259984 Shayle the Warrior (level 21, -34/160 HPs)
             Began as a Djinni Warper on Sept 13, 2021.
             Was a High Priest of Makhleb.
             Killed from afar by Asterion (51 damage)
             ... with an iron shot
             ... on level 2 of the Elven Halls on Sept 15, 2021.
             The game lasted 04:29:44 (66378 turns).

Shayle the Warrior (Djinni Warper)                 Turns: 66378, Time: 04:29:45

Health: -34/160    AC: 24    Str: 10    XL:     21   Next: 18%
Gold:   813        EV: 16    Int: 24    God:    Makhleb [*****.] SH:  5 Dex: 14

rFire   + + +      SeeInvis +   j - +4 glaive of Judgement {spect, rF+ rC+ rN++}
rCold   . . .      Faith    .   (shield currently unavailable)
rNeg    + + +      Spirit   .   w - +1 acid dragon scales
rPois   ∞          Reflect  +   f - +2 helmet
rElec   .          Harm     .   q - +2 cloak {rCorr}
rCorr   +          Rampage  +   Q - +1 pair of gloves of Zivetiah {Rampage rN+ Slay+5}
Will    ++...                   (boots unavailable)
Stlth   +.........              x - amulet of reflection
HPRegen 0.36/turn               r - ring of see invisible
MPRegen 0.00/turn               I - +4 ring of protection

@: about to teleport, flying
A: sickness immunity, fire resistance 2, cold vulnerability 1, float, innate
caster, hp casting, extra vitality 1
}: 1/15 runes: serpentine
a: Renounce Religion, Minor Destruction, Lesser Servant of Makhleb, Major
Destruction, Greater Servant of Makhleb


You were on level 2 of the Elven Halls.
You worshipped Makhleb.
Makhleb was extremely pleased with you.
You visited 7 branches of the dungeon, and saw 33 of its levels.
You also visited: Ossuary and Gauntlet.

You collected 3113 gold pieces.
You spent 2300 gold pieces at shops.

Inventory:

Hand Weapons
 j - the +4 glaive of Judgement (weapon) {spect, rF+ rC+ rN++}
   (You found it on level 2 of the Snake Pit)

   When its wielder attacks, the weapon's spirit leaps out and strikes again.
   The spirit shares a part of any damage it takes with its wielder.
   rF:        It protects you from fire.
   rC:        It protects you from cold.
   rN:        It greatly protects you from negative energy.
 y - the +9 dagger of Wughoolu {antimagic, Fly Int+2}
   (You found it on level 5 of the Lair of Beasts)

   It reduces the magical energy of the wielder, and disrupts the spells and
   magical abilities of those it strikes.
   Natural abilities and divine invocations are not affected.
   Int:       It affects your intelligence (+2).
   Fly:       It grants you flight.
 R - a +6 broad axe of electrocution
 V - the +8 whip "Snakebite" {venom, curare, rPois}
   (You found it on level 2 of the Lair of Beasts)

   It poisons the flesh of those it strikes.
   It occasionally inflicts asphyxiating poison on those it strikes, dealing
   poison damage and causing slowness.
   rPois:     It protects you from poison.
Missiles
 c - 6 boomerangs of dispersal (quivered)
 p - 8 silver javelins
 A - 2 throwing nets
 E - a curare-tipped dart
 K - 7 silver boomerangs
Armour
 b - a +2 troll leather armour {Snorg}
 f - a +2 helmet (worn)
 q - a +2 cloak of preservation (worn)
 v - a +2 robe of willpower
 w - +1 acid dragon scales (worn)
 O - the +2 cloak of Bicust {rF+++ Str+5 Stlth-}
   (You found it in a Gauntlet)

   Str:       It affects your strength (+5).
   rF:        It renders you almost immune to fire.
   Stlth:     It makes you less stealthy.
 Q - the +1 pair of gloves of Zivetiah (worn) {Rampage rN+ Slay+5}
   (You found it on level 1 of the Shoals)

   Slay:      It affects your accuracy & damage with ranged weapons and melee
   (+5).
   rN:        It protects you from negative energy.
   Rampage:   It bestows one free step when moving towards enemies.
 Z - a +2 buckler
Jewellery
 l - a ring of wizardry
 r - a ring of see invisible (left hand)
 t - the ring "Ukuwint" {rF+ rC+ Will+}
   (You bought it in a shop on level 3 of the Snake Pit)

   [ring of protection from cold]

   rF:        It protects you from fire.
   rC:        It protects you from cold.
   Will:      It increases your willpower.
 x - an amulet of reflection (around neck)
 z - an amulet of regeneration
 C - a ring of resist corrosion
 I - a +4 ring of protection (right hand)
Wands
 a - a wand of mindburst (3)
 e - a wand of digging (6)
 F - a wand of flame (100)
 J - a wand of polymorph (9)
 P - a wand of iceblast (11)
 T - a wand of paralysis (10)
Scrolls
 d - 5 scrolls of identify
 h - 3 scrolls of magic mapping
 L - 5 scrolls of enchant weapon
 S - a scroll of holy word
Potions
 g - 6 potions of brilliance
 k - 5 potions of mutation
 m - 4 potions of lignification
 n - 7 potions of haste
 s - 3 potions of ambrosia
 u - 2 potions of attraction
 B - 4 potions of might
 G - 3 potions of cancellation
 M - 2 potions of berserk rage
 X - a potion of invisibility
 Y - 4 potions of curing
Miscellaneous
 i - a tin of tremorstones (2/2)
 o - a condenser vane


   Skills:
 + Level 17.0 Fighting
 - Level 0.7 Throwing
 - Level 12.4 Armour
 - Level 11.0 Dodging
 - Level 4.0 Shields
 + Level 13.9 Unarmed Combat
 + Level 13.9 Spellcasting
 + Level 13.6 Invocations


You couldn't memorise any spells.
You knew the following spells:

 Your Spells              Type           Power      Damage    Failure   Level
a - Blink                 Tloc           N/A        N/A       1%          2
b - Lesser Beckoning      Tloc           71%        N/A       1%          3
c - Gell's Gravitas       Tloc           35%        N/A       1%          3
d - Teleport Other        Tloc           71%        N/A       1%          3
e - Manifold Assault      Tloc           71%        N/A       1%          5
f - Foxfire               Conj/Fire      100%       2x1d9     0%          1
g - Ensorcelled Hibernat  Hex/Ice        100%       N/A       1%          2
h - Static Discharge      Conj/Air       71%        N/A       1%          2
i - Iskenderun's Mystic   Conj/Tloc      71%        2d14      1%          4
j - Ice Form              Ice/Tmut       71%        N/A       1%          4
k - Lee's Rapid Deconstr  Erth           35%        3d19*     1%          5
l - Starburst             Conj/Fire      35%        6d10      2%          6
m - Dispersal             Tloc           35%        N/A       2%          6
n - Iron Shot             Conj/Erth      35%        9d7       2%          6
o - Spellforged Servitor  Conj/Summ      35%        N/A       14%         7
Your spell library was empty.

Dungeon Overview and Level Annotations

Branches:
Dungeon (15/15)            Temple (1/1) D:6            Lair (6/6) D:10
 Shoals (3/4) Lair:2        Snake (4/4) Lair:2        Slime (0/5) Lair:5
    Orc (2/2) D:9             Elf (2/3) Orc:2        Vaults (0/5) D:14
 Depths (0/5) D:15        Ossuary (visited)         Gauntlet (visited)

Altars:
Ashenzari
Cheibriados
Dithmenos
Elyvilon
Fedhas
Gozag
Hepliaklqana
Kikubaaqudgha
Makhleb
Nemelex Xobeh
Okawaru
Qazlal
Ru
Sif Muna
Trog
Uskayaw
Vehumet
Wu Jian
Xom
Zin
The Shining One

Shops:
D:10 [   D:11 *   D:12 [   Orc:1 :   Orc:2 ((*(*=   Elf:2 ::**?   Snake:1 *((*
Snake:3 =:=

Portals:
Abyss: D:4

Annotations:
D:4 2 transporters, mg7810's ghost, amateur DsAM
D:7 1 runed translucent door, Drazool's ghost, novice DEFE
D:11 1 runed translucent door
Shoals:3 Ilsuiw
Elf:2 Asterion


Innate Abilities, Weirdness & Mutations

You are immune to sickness and miasma.
You are immune to poison.
Your flesh is very heat resistant. (rF++)
You are vulnerable to cold. (rC-)
You float through the air rather than walking.
You learn spells naturally, not from books.
Your magical power is your life essence.
You have superior vitality. (+4 HP)


Message History

There is a +4 vampiric scimitar.
The deep elf zephyrmancer shouts!
The deep elf knight shouts!
The deep elf zephyrmancer points at you and mumbles some strange words.
The bolt of lightning hits you!!
* * * LOW HITPOINT WARNING * * *
A +6 scimitar of distortion comes into view.
Okay, then.
Okay, then.
You feel much better.
A +3 dire flail of venom comes into view.
The deep elf knight gestures wildly while chanting.
The deep elf knight flickers and vanishes for a moment.
As you read the scroll of teleportation, it crumbles to dust.
You feel strangely unstable.
A +5 mace of holy wrath comes into view.
The deep elf zephyrmancer gestures at you while chanting.
The bolt of lightning hits the +3 dire flail of venom.
The +3 dire flail of venom completely resists.
The bolt of lightning misses the +6 scimitar of distortion.
The bolt of lightning misses you.
The +4 vampiric scimitar completely misses you.
The +6 scimitar of distortion hits you.
* * * LOW HITPOINT WARNING * * *
Space warps horribly around you!
* * * LOW HITPOINT WARNING * * *
Unknown command.
The +4 vampiric scimitar closely misses you.
A dancing weapon and a deep elf knight come into view.
There is a +1 hand axe of electrocution.
Your surroundings suddenly seem different.
A deep elf knight and a deep elf pyromancer come into view.
The deep elf pyromancer shouts!
The +1 hand axe of electrocution moves out of view.
The deep elf knight moves out of view.
Okay, then.
As you read the scroll of teleportation, it crumbles to dust.
You feel strangely unstable.
Asterion conjures a destructive force in the name of Makhleb!
The iron shot hits you!!!
You die...

.............# #..
#...........## ..##
##.........##
...###..e. ...##
#...#..... ....#
##......... .....
##.......... .....
#........... .....
#..@....H.. .....
##......... ......
#.........###......
...........#.......
....................
##..e................
##.................H
#...##...........##
#.......## #


You could see Asterion (fast), a deep elf knight and a deep elf pyromancer.

Vanquished Creatures
  A deep elf blademaster (Elf:2)
  Kirke (D:14)
  Donald (Shoals:1)
  Roxanne (Shoals:1)
  3 nagarajas
  An orc warlord (Orc:1)
  A deep elf elementalist (Elf:1)
  Azrael (Orc:2)
  A minotaur (Gauntlet)
  An ettin (Orc:1)
  Snorg (D:10)
  Josephine (D:10)
  5 boulder beetles
  A great orb of eyes (D:15)
  7 hydras
  12 naga warriors
  3 ogre magi
  5 centaur warriors
  6 salamander tyrants (Snake:4)
  8 anacondas
  A catoblepas (D:12)
  2 merfolk aquamancers
  A death knight (D:14)
  2 tengu warriors
  7 death yaks
  2 satyrs (Shoals:2)
  16 dancing weapons
  16 two-headed ogres
  8 shock serpents
  15 naga sharpshooters
  A deep troll shaman (Lair:6)
  A fire crab (Gauntlet)
  13 deep elf knights
  4 salamander mystics
  8 sea snakes
  16 deep elf archers
  2 deep trolls
  An orc knight (D:15)
  4 lindwurms (Snake:4)
  A naga ritualist (Snake:3)
  26 deep elf zephyrmancers
  Pikel (D:3)
  22 deep elf pyromancers
  5 harpies (Shoals:1)
  10 mana vipers
  4 orc sorcerers
  4 fauns
  16 ugly things (D:15)
  10 cyclopes
  8 manticores
  15 salamanders
  3 merfolk sirens (Shoals:2)
  Maurice (Orc:2)
  7 guardian serpents
  9 elephants
  14 naga magi
  35 black mambas
  10 cane toads
  A gargoyle (D:13)
  2 unseen horrors (D:12)
  5 rime drakes
  A freezing wraith (D:15)
  Maggie (D:9)
  2 efreet
  8 komodo dragons
  A troll (shapeshifter) (Elf:2)
  5 tengu conjurers
  15 trolls
  18 merfolk
  2 polar bears
  A meliai (shapeshifter) (Elf:1)
  Prince Ribbit (D:8)
  3 meliai (Gauntlet)
  2 wind drakes (Shoals:2)
  19 blink frogs
  4 slime creatures (D:15)
  17 dream sheep
  2 air elementals (Elf:1)
  A centaur simulacrum (D:15)
  4 shadows
  A redback (shapeshifter) (D:15)
  9 wraiths
  3 wyverns
  34 yaks
  A yak (shapeshifter) (Elf:1)
  9 water elementals
  2 hogs (D:14)
  2 basilisks
  6 fire bats (Gauntlet)
  4 vampire mosquitoes
  Grum (D:9)
  5 fire elementals
  8 wargs
  Menkaure (D:4)
  48 nagas
  3 acid dragons
  20 water moccasins
  9 hell hounds
  4 black bears
  22 ogres
  2 ice beasts
  11 orc warriors
  21 wolves
  6 boggarts (D:15)
  6 centaurs
  A lemure (D:3)
  2 phantoms
  3 kobold brigands
  2 elf zombies (Ossuary)
  A gnoll sergeant (D:8)
  12 bullfrogs
  2 scorpions
  A wyvern skeleton (D:6)
  3 killer bees (D:8)
  4 wights (D:7)
  9 howler monkeys
  An electric eel (Snake:3)
  A bullfrog zombie (D:6)
  6 centaur zombies
  3 hounds (D:6)
  A human zombie (Ossuary)
  2 gnoll shamans
  15 jellies
  15 orc priests
  2 centaur skeletons
  Ijyb (D:5)
  12 orc wizards
  A polar bear simulacrum (Lair:6)
  2 killer bee zombies
  A hound zombie (Ossuary)
  A hound skeleton (D:4)
  3 mummies (Ossuary)
  Robin (D:3)
  26 gnolls
  9 adders
  2 white imps
  2 adder zombies (Ossuary)
  4 dart slugs
  50 orcs
  8 ball pythons
  11 endoplasms
  A giant cockroach (D:2)
  8 hobgoblins
  2 jackals (D:3)
  21 kobolds
  4 quokkas
  7 bats
  4 frilled lizards
  3 gnoll zombies
  11 goblins
  6 goblin zombies (Ossuary)
  3 hobgoblin zombies (Ossuary)
  3 jackal zombies (Ossuary)
  2 kobold zombies (Ossuary)
  3 orc zombies (Ossuary)
  2 quokka zombies (Ossuary)
  8 rats
  3 rat zombies (Ossuary)
  A bush (Lair:6)
1047 creatures vanquished.

Vanquished Creatures (collateral kills)
  Mlioglotl (Snake:2)
  A nagaraja (Snake:3)
  Louise (Shoals:1)
  A catoblepas (Lair:6)
  A naga warrior (Snake:3)
  A merfolk aquamancer (Shoals:2)
  3 death yaks (Lair:6)
  Urug (Lair:2)
  A lindwurm (Lair:6)
  2 salamanders (Snake:3)
  2 fauns (Shoals:2)
  A manticore (Shoals:1)
  A merfolk siren (Shoals:2)
  3 naga magi (Snake:1)
  3 cane toads
  A merfolk (Shoals:2)
  2 water elementals
  A basilisk (Lair:2)
  3 nagas (Snake:1)
  A water moccasin (Lair:2)
  3 wolves
  2 cane toad simulacra (Lair:6)
  2 wolf simulacra (Lair:6)
38 creatures vanquished.

Vanquished Creatures (others)
  A rakshasa (D:15)
  A salamander mystic (Snake:4)
  2 deep elf pyromancers
  A naga mage (Snake:1)
  A human (D:14)
  A centaur (D:14)
  A bush (Lair:6)
  7 demonic plants (D:3)
  454 foxfires
  38 fungi
  83 plants
  4 tentacles (Shoals:1)
  5 withered plants (D:3)
599 creatures vanquished.

Grand Total: 1684 creatures vanquished

Notes
Turn   | Place    | Note
-------+----------+-------------------------------------------
     0 | D:1      | Shayle the Djinni Warper began the quest for the Orb.
     0 | D:1      | Reached XP level 1. HP: 18/18 MP: 0/0
    99 | D:1      | Reached XP level 2. HP: 12/23 MP: 0/0
   776 | D:1      | Reached XP level 3. HP: 29/29 MP: 0/0
   776 | D:1      | Learned a level 1 spell: Foxfire
  1539 | D:2      | Reached XP level 4. HP: 31/34 MP: 0/0
  2321 | D:3      | Noticed Robin
  2380 | D:3      | Noticed a scorpion
  2389 | D:2      | Killed a scorpion
  2390 | D:2      | Reached skill level 3 in Fighting
  2390 | D:2      | Reached XP level 5. HP: 25/40 MP: 0/0
  2390 | D:2      | Learned a level 2 spell: Ensorcelled Hibernation
  2638 | D:3      | Killed Robin
  2744 | D:3      | Upgraded the game from 0.28-a0-447-g1f95980246 to
                  | 0.28-a0-461-g2dc4ca5097
  2839 | D:3      | Found a faded altar of an unknown god.
  2940 | D:3      | Reached XP level 6. HP: 43/46 MP: 0/0
  3302 | D:3      | Found a white marble altar of Elyvilon.
  3305 | D:3      | Noticed an ice beast
  3313 | D:3      | Killed an ice beast
  3314 | D:3      | Reached skill level 1 in Shields
  3509 | D:4      | Noticed Menkaure
  3518 | D:4      | Killed Menkaure
  3519 | D:4      | Reached skill level 5 in Unarmed Combat
  3519 | D:4      | Reached XP level 7. HP: 49/51 MP: 0/0
  3519 | D:4      | Learned a level 2 spell: Static Discharge
  3543 | D:5      | Entered Level 5 of the Dungeon
  3737 | D:4      | Found a transporter.
  3742 | D:4      | Found a sand-covered staircase.
  3752 | Ossuary  | Entered an ossuary
  3913 | Ossuary  | Reached skill level 4 in Fighting
  4540 | Ossuary  | Reached XP level 8. HP: 44/58 MP: 0/0
  4890 | D:4      | Noticed Pikel
  4914 | D:4      | Found a transporter.
  4916 | D:4      | Found a one-way gate to the infinite horrors of the Abyss.
  4916 | D:4      | Noticed mg7810's ghost (amateur DsAM)
  5079 | D:3      | Killed Pikel
  5080 | D:3      | Reached skill level 1 in Invocations
  5288 | D:4      | Reached skill level 5 in Fighting
  5297 | D:4      | Reached XP level 9. HP: 31/65 MP: 0/0
  5297 | D:4      | Learned a level 4 spell: Iskenderun's Mystic Blast
  7011 | D:5      | Noticed Ijyb
  7039 | D:5      | Noticed a troll
  7535 | D:6      | Found a stormy altar of Qazlal.
  8283 | D:6      | Found a shimmering altar of Xom.
  8574 | D:6      | Found a staircase to the Ecumenical Temple.
  8591 | Temple   | Entered the Ecumenical Temple
  8662 | Temple   | Became a worshipper of Makhleb the Destroyer
  9253 | D:7      | Found an opulent altar of Gozag.
  9257 | D:7      | Reached skill level 6 in Fighting
  9263 | D:7      | Reached skill level 5 in Spellcasting
  9471 | D:7      | Reached XP level 10. HP: 56/72 MP: 0/0
 10177 | D:7      | Found a runed translucent door.
 10177 | D:7      | Noticed Drazool's ghost (novice DEFE)
 10623 | D:8      | Reached * piety under Makhleb
 10985 | D:8      | Found an ornate altar of the Wu Jian Council.
 11019 | D:8      | Noticed Prince Ribbit
 11046 | D:8      | Killed Prince Ribbit
 11696 | D:8      | Reached ** piety under Makhleb
 12426 | D:5      | Killed Ijyb
 12532 | D:9      | Noticed Grum
 12557 | D:8      | Reached skill level 5 in Invocations
 12902 | D:9      | Noticed Maggie
 12909 | D:8      | Reached skill level 7 in Fighting
 13965 | D:10     | Entered Level 10 of the Dungeon
 13988 | D:10     | Noticed Josephine
 14319 | D:9      | Found a shadowy altar of Dithmenos.
 14498 | D:8      | Reached skill level 5 in Dodging
 14498 | D:8      | Reached XP level 11. HP: 46/79 MP: 0/0
 14498 | D:8      | Learned a level 4 spell: Ice Form
 15087 | D:9      | Killed Maggie
 15529 | D:9      | Found a staircase to the Orcish Mines.
 15534 | D:9      | Killed Grum
 16523 | D:11     | Noticed a centaur warrior
 16544 | D:11     | Noticed a boulder beetle
 16567 | D:11     | Killed a boulder beetle
 17098 | D:11     | Noticed a two-headed ogre
 17106 | D:11     | Noticed a cyclops
 17107 | D:11     | Killed a two-headed ogre
 17108 | D:11     | Reached skill level 8 in Fighting
 17129 | D:11     | Killed a cyclops
 17130 | D:11     | Reached skill level 10 in Unarmed Combat
 17342 | D:11     | Found Weugh's Elemental Accessories.
 17354 | D:11     | Bought a wand of iceblast (14) for 324 gold pieces
 17516 | D:10     | Killed Josephine
 17524 | D:10     | Reached XP level 12. HP: 55/88 MP: 0/0
 18084 | D:10     | Noticed a sea snake
 18197 | D:10     | Found a staircase to the Lair.
 18394 | Lair:1   | Entered Level 1 of the Lair of Beasts
 18394 | Lair:1   | Found a gate leading to a gauntlet.
 18403 | Gauntlet | Entered a Gauntlet
 18403 | Gauntlet | Found a runed translucent door.
 18403 | Gauntlet | Found a transporter.
 18403 | Gauntlet | Found a runed translucent door.
 18403 | Gauntlet | Found a runed translucent gate.
 18403 | Gauntlet | Found a transporter.
 18403 | Gauntlet | Found a runed translucent gate.
 18404 | Gauntlet | Found a runed translucent gate.
 18428 | Gauntlet | Found a transporter.
 18430 | Gauntlet | Found a transporter.
 18430 | Gauntlet | Found a transporter.
 18433 | Gauntlet | Found a transporter.
 18484 | Gauntlet | Noticed a fire crab
 18493 | Gauntlet | Found a transporter.
 18505 | Gauntlet | Found a transporter.
 18505 | Gauntlet | Found a transporter.
 18509 | Gauntlet | Reached *** piety under Makhleb
 18528 | Gauntlet | Killed a fire crab
 18853 | Gauntlet | Identified the +2 cloak of Bicust {rF+++ Str+5 Stlth-}
 18857 | Gauntlet | Identified the +1 ring mail "Zab Azuk" {Int+2}
 18869 | Gauntlet | Found a transporter.
 18883 | Gauntlet | Found a transporter.
 18913 | Gauntlet | Found a transporter.
 19207 | Gauntlet | Identified the +0 pair of boots of the Scars {MP+9}
 19212 | Gauntlet | Found a transporter.
 19228 | Gauntlet | Found a transporter.
 19265 | Gauntlet | Noticed a minotaur
 19277 | Gauntlet | Killed a minotaur
 19278 | Gauntlet | Reached skill level 9 in Fighting
 19568 | Lair:1   | Noticed a seven-headed hydra
 19718 | Lair:1   | Killed a seven-headed hydra
 20443 | Lair:1   | Reached XP level 13. HP: 72/94 MP: 0/0
 20443 | Lair:1   | Learned a level 5 spell: Lee's Rapid Deconstruction
 21045 | Lair:2   | Found a staircase to the Shoals.
 21948 | Lair:2   | Noticed Urug
 21960 | Lair:2   | Killed Urug
 22182 | Lair:2   | Found a shimmering altar of Xom.
 22572 | Lair:2   | Reached skill level 10 in Fighting
 23007 | Lair:2   | Found a staircase to the Snake Pit.
 23270 | Lair:2   | Found the +8 whip "Snakebite" {venom, curare, rPois}
 24565 | Lair:4   | Noticed a five-headed hydra
 24577 | Lair:4   | Killed a five-headed hydra
 25139 | Lair:4   | You are sucked into a shaft and drop 2 floors!
 25139 | Lair:6   | Entered Level 6 of the Lair of Beasts
 25139 | Lair:6   | Noticed a catoblepas
 25184 | Lair:6   | Noticed an eight-headed hydra
 25196 | Lair:6   | Killed an eight-headed hydra
 25199 | Lair:6   | HP: 1/97 [cane toad (12)]
 25625 | Lair:5   | Reached XP level 14. HP: 64/103 MP: 0/0
 25627 | Lair:5   | Reached skill level 10 in Dodging
 25634 | Lair:5   | Reached **** piety under Makhleb
 26945 | Lair:5   | Reached skill level 11 in Fighting
 27854 | Lair:5   | Reached skill level 5 in Armour
 28108 | Lair:5   | Found a staircase to the Slime Pits.
 28244 | Lair:5   | Identified the +9 dagger of Wughoolu {antimagic, Fly Int+2}
 31194 | Lair:6   | Reached XP level 15. HP: 40/112 MP: 0/0
 31194 | Lair:6   | Learned a level 6 spell: Starburst
 31551 | Lair:6   | Reached skill level 12 in Fighting
 32303 | D:10     | Noticed Snorg
 32316 | D:10     | Killed Snorg
 32443 | D:10     | Found Ecleagga's Antique Armour Emporium.
 32537 | Orc:1    | Entered Level 1 of the Orcish Mines
 33128 | Orc:2    | Entered Level 2 of the Orcish Mines
 33133 | Orc:2    | Noticed an orc warlord
 33390 | Orc:1    | Killed an orc warlord
 33743 | Orc:1    | Reached skill level 10 in Spellcasting
 34318 | Orc:2    | Found Ceygra's Weapon Emporium.
 34461 | Orc:2    | Noticed Azrael
 34483 | Orc:2    | Killed Azrael
 35176 | Orc:2    | Found Emmydwifri's Assorted Antiques.
 35534 | Orc:2    | Noticed Maurice
 36017 | Orc:2    | Killed Maurice
 36255 | Orc:2    | Reached skill level 13 in Fighting
 36255 | Orc:2    | Found Moyliggi's Weapon Boutique.
 36260 | Orc:2    | Found Doixosin's Antique Weapon Boutique.
 36266 | Orc:2    | Found Mawiw's Assorted Antiques.
 36267 | Orc:2    | Bought a potion of heal wounds for 160 gold pieces
 36270 | Orc:2    | Found Pibbuz's Jewellery Shop.
 36312 | Orc:2    | Bought a wand of acid (10) for 320 gold pieces
 36460 | Orc:2    | Found a staircase to the Elven Halls.
 36607 | Orc:1    | Found Jimil's Book Shoppe.
 37025 | D:11     | Found a runed translucent door.
 37761 | D:12     | Found Ituihirch's Antique Armour Shoppe.
 37783 | D:12     | Reached XP level 16. HP: 86/121 MP: 0/0
 39001 | Snake:1  | Entered Level 1 of the Snake Pit
 39550 | Shoals:1 | Entered Level 1 of the Shoals
 40159 | Shoals:1 | Identified Roxanne's Incunabulum of Transformation
 40159 | Shoals:1 | Noticed Roxanne
 40174 | Shoals:1 | Noticed Louise
 40187 | Shoals:1 | Killed Louise
 40736 | Shoals:1 | Reached skill level 10 in Armour
 40941 | Shoals:1 | Killed Roxanne
 40964 | Shoals:1 | Identified the +1 pair of gloves of Zivetiah {Rampage rN+
                  | Slay+5}
 41464 | Shoals:1 | Noticed a kraken
 41471 | Shoals:1 | Noticed Donald
 41775 | Shoals:1 | Killed Donald
 42045 | Shoals:2 | Reached skill level 14 in Fighting
 43707 | Shoals:2 | Reached XP level 17. HP: 79/129 MP: 0/0
 43707 | Shoals:2 | Learned a level 6 spell: Dispersal
 44381 | Shoals:3 | Noticed Ilsuiw
 45454 | D:13     | Reached ***** piety under Makhleb
 46143 | D:14     | Found a gate to the Vaults.
 46204 | D:14     | Noticed Kirke
 46206 | D:14     | Noticed a sphinx
 46224 | D:14     | Killed Kirke
 47088 | D:14     | Reached skill level 10 in Invocations
 47088 | D:14     | Reached XP level 18. HP: 137/137 MP: 0/0
 47271 | D:15     | Entered Level 15 of the Dungeon
 48029 | D:15     | Reached skill level 15 in Fighting
 49367 | D:15     | Found a staircase to the Depths.
 50352 | Snake:1  | HP: 6/138 [mana viper (15)]
 50407 | Snake:1  | HP: 6/138 [anaconda (4)]
 50777 | Lair:2   | Upgraded the game from 0.28-a0-461-g2dc4ca5097 to
                  | 0.28-a0-465-ge2dae52223
 51103 | Snake:1  | Found Idom's General Store.
 51107 | Snake:1  | Found Niac's Weapon Boutique.
 51108 | Snake:1  | Found Ixzan's Antique Weapon Shop.
 51111 | Snake:1  | Bought a potion of heal wounds for 70 gold pieces
 51111 | Snake:1  | Bought a scroll of teleportation for 42 gold pieces
 51111 | Snake:1  | Bought 2 potions of curing for 84 gold pieces
 51481 | Snake:1  | Reached XP level 19. HP: 99/143 MP: 0/0
 51481 | Snake:1  | Learned a level 6 spell: Iron Shot
 51765 | Snake:1  | Found Efoneris's General Store.
 52407 | Snake:2  | Noticed Mlioglotl
 53512 | Snake:2  | Upgraded the game from 0.28-a0-465-ge2dae52223 to
                  | 0.28-a0-474-g535839065c
 53716 | Snake:2  | Identified the +4 glaive of Judgement {spect, rF+ rC+ rN++}
 53881 | Snake:2  | Killed Mlioglotl
 53895 | Snake:2  | You are sucked into a shaft and drop 1 floor!
 55036 | Snake:3  | Found Muoclor's Jewellery Boutique.
 55036 | Snake:3  | Found Bumekuen's Book Emporium.
 55037 | Snake:3  | Found Zatiraf's Jewellery Boutique.
 55050 | Snake:3  | Bought the ring "Ukuwint" {rF+ rC+ Will+} for 758 gold
                  | pieces
 56020 | Snake:4  | Entered Level 4 of the Snake Pit
 57329 | Snake:4  | Reached skill level 16 in Fighting
 58489 | Snake:4  | Reached XP level 20. HP: 140/151 MP: 0/0
 61056 | Snake:4  | Got a serpentine rune of Zot
 61369 | Elf:1    | Entered Level 1 of the Elven Halls
 61669 | Elf:1    | Paralysed by an air elemental for 1 turns
 63293 | Elf:1    | Paralysed by an air elemental for 1 turns
 64231 | Elf:2    | Found Zoomic's Book Boutique.
 64278 | Elf:2    | Found Kaasalif's Book Shop.
 64837 | Elf:2    | Found Codd's Assorted Antiques.
 64845 | Elf:2    | Bought a potion of curing for 120 gold pieces
 64845 | Elf:2    | Bought a potion of heal wounds for 200 gold pieces
 64845 | Elf:2    | Bought a scroll of teleportation for 120 gold pieces
 64868 | Elf:2    | Reached XP level 21. HP: 130/159 MP: 0/0
 64868 | Elf:2    | Learned a level 7 spell: Spellforged Servitor
 65126 | Elf:2    | Found Kotu's Magic Scroll Emporium.
 65182 | Elf:2    | Found Messiomm's General Store.
 65185 | Elf:2    | Bought a scroll of teleportation for 51 gold pieces
 65185 | Elf:2    | Bought a potion of curing for 51 gold pieces
 65447 | Elf:2    | Found a runed translucent gate.
 65447 | Elf:2    | Found a runed translucent gate.
 65447 | Elf:2    | Found a runed translucent gate.
 65912 | Elf:2    | Reached ****** piety under Makhleb
 65944 | Elf:2    | Reached skill level 17 in Fighting
 66348 | Elf:2    | Noticed Asterion
 66371 | Elf:2    | HP: 8/160 [deep elf zephyrmancer/bolt of lightning (20)]
 66378 | Elf:2    | Killed from afar by Asterion

Illustrated notes

Levels and vault maps discovered:
D:1:      amcnicky_arrival_underground_garden, layout_loops_cross
D:2:      layout_loops_corners
D:3:      layout_basic, elyvilon_altar_3, shapermc_ecumenical_altar_gd,
          uniq_robin
D:4:      layout_basic, gammafunk_ghost_abyssal_escape, enter_ossuary_3,
          uniq_menkaure, uniq_pikel
D:5:      layout_rooms, lightli_corner_chamber, uniq_ijyb
D:6:      layout_loops_ring, grunt_qazlal_clouds,
          mainiacjoe_overflow_concentric_impassable,
          minmay_temple_entry_drinking_statues
D:7:      layout_basic, mainiacjoe_overflow_boulevard,
          hellmonk_ghost_happy_afterlife, grunt_ogre_cave
D:8:      layout_basic, pdpol_wu_jian_five_deadly_venoms, amethyst_killhole,
          grunt_ministairs_2, uniq_prince_ribbit1
D:9:      layout_roguey, nicolae_dithmenos_the_darkroom, erik_orc_4,
          uniq_maggie, uniq_grum
D:10:     layout_loops_ring, david_lair_shrubbed, serial_shops,
          kennysheep_little_box, serial_aquarium, aquarium_bridge_long_joined
          [aquarium_subvault_wall, aquarium_subvault_wall,
          aquarium_subvault_wall, aquarium_subvault_bridge,
          aquarium_subvault_bridge, aquarium_subvault_balcony],
          aquarium_bridge_straight [aquarium_subvault_bridge,
          aquarium_subvault_window, aquarium_subvault_bridge,
          aquarium_subvault_balcony], aquarium_window_2, aquarium_window_2,
          aquarium_window_corridor_3, aquarium_view_2a, aquarium_pool_side,
          uniq_josephine, uniq_snorg
D:11:     layout_roguey, nicolae_elemental_shop, minmay_st_funbox,
          hangedman_abyss_or_decor_passed, minmay_holes
D:12:     layout_loops_ring, serial_shops, shop
D:13:     layout_rooms
D:14:     layout_roguey, david_vaults_1, minmay_crystal_room,
          kennysheep_generic_room_13, uniq_kirke
D:15:     gammafunk_enter_depths_forms, layout_basic, minmay_hedge_maze
Temple:   eino_temple_rhombus
Lair:1:   layout_misc_corridors, gauntlet_entry_generic, serial_bayou_shore_b,
          grunt_megastairs_5
Lair:2:   minmay_guarded_unrand_snakebite, layout_hall_layers,
          shoals_dummy_entry, minmay_snake_entry_guardpost_medium, basic_altar,
          nicolae_quartered_pool_little, uniq_urug
Lair:3:   layout_loops_ring
Lair:4:   layout_gridlike
Lair:5:   layout_cave_pods, minmay_slime_entry_jelly_boxes, beast_lair_carwin_9,
          infiniplex_staircase_pool_2
Lair:6:   grunt_lair_end_beastmaster, layout_misc_corridors,
          portal_ice_cave_entry_ice_simulacra
Shoals:1: layout_shoals, uniq_donald, uniq_roxanne, uniq_louise
Shoals:2: layout_shoals, nicolae_shoals_seven_spires, nicolae_shoals_wave_tunnel
Shoals:3: layout_shoals, serial_shops, shop, nicolae_shop_gadgets, uniq_ilsuiw
Snake:1:  layout_onion, serial_shops, nicolae_take_the_stairs,
          guppyfry_library_mini, grunt_megastairs_2, minmay_shop_star
Snake:2:  layout_misc_corridors, lemuel_fruit_tree, uniq_mlioglotl
Snake:3:  layout_onion, minmay_shop_grove, serial_bayou_shore_b,
          serial_bayou_shore_a
Snake:4:  snake_pit_salamanders_mu, layout_cave_town
Orc:1:    layout_caves, serial_shops, shop
Orc:2:    st_orc_open, layout_diamond_mine, serial_shops, shop_statue,
          nicolae_shop_stone, uniq_azrael, uniq_maurice
Elf:1:    elf_arrival_001, layout_gridlike, minivault_28
Elf:2:    elven_hall_of_blades_hangedman_original
          [nicolae_blade_entry_hurt_lockers], layout_rooms, serial_shops, shop,
          shop, nicolae_square_shop, nicolae_shop_statue_plus,
          nicolae_shop_window_shopping, grunt_ministairs_14, uniq_asterion

Skill      XL: |  1  2  3  4  5  6  7  8  9 10 11 12 13 14 15 16 17 18 19 20 21 |
---------------+----------------------------------------------------------------+-----
Unarmed Combat | 3 4 5 6 8 9 10 11 12 13 | 13.9
Fighting       | 3 4 5 6 7 8 9 10 11 13 14 15 16 17 | 17.0
Spellcasting   | 3 4 5 6 7 8 9 10 11 12 13 | 13.9
Shields        | 1 2 3 4 |  4.0
Invocations    | 1 3 5 6 8 9 10 12 13 | 13.6
Dodging        | 5 6 8 9 11 | 11.0
Armour         | 3 6 9 10 11 12 | 12.4
Throwing       | |  0.7

Action                   |  1- 3 |  4- 6 |  7- 9 | 10-12 | 13-15 | 16-18 | 19-21 || total
-------------------------+-------+-------+-------+-------+-------+-------+-------++-------
Melee: Unarmed           |    90 |    29 |   100 |   152 |    43 |       |       ||   414
       Punch             |     2 |     3 |     1 |       |       |       |       ||     6
       Dagger            |       |       |       |   272 |   124 |       |       ||   396
       Whip              |       |       |       |       |   971 |   747 |   247 ||  1965
       Glaive            |       |       |       |       |       |       |   137 ||   137
Throw: Boomerang         |       |       |       |    16 |     4 |       |     1 ||    21
       Dart              |       |       |       |     4 |     1 |       |       ||     5
 Cast: Foxfire           |    12 |    79 |   155 |     4 |       |     4 |    23 ||   277
       Blink             |       |     2 |     8 |     6 |    16 |    11 |     7 ||    50
       Iskenderun's Myst |       |       |    83 |   156 |   160 |    66 |    27 ||   492
       Ensorcelled Hiber |       |       |     4 |     2 |     3 |       |       ||     9
       Manifold Assault  |       |       |       |    32 |   360 |   229 |   122 ||   743
       Ice Form          |       |       |       |     5 |     4 |       |       ||     9
       Lee's Rapid Decon |       |       |       |       |    10 |    15 |    83 ||   108
       Starburst         |       |       |       |       |     8 |    82 |    64 ||   154
       Iron Shot         |       |       |       |       |       |       |   223 ||   223
       Lesser Beckoning  |       |       |       |       |       |       |     8 ||     8
       Dispersal         |       |       |       |       |       |       |     7 ||     7
Invok: Lesser Servant of |       |       |       |     3 |    21 |    11 |     6 ||    41
       Major Destruction |       |       |       |       |     1 |       |       ||     1
       Greater Servant o |       |       |       |       |       |       |     7 ||     7
 Abil: End Transformatio |       |       |       |       |     1 |       |       ||     1
Evoke: Wand              |       |       |     8 |    18 |    24 |    38 |    16 ||   104
       Condenser vane    |       |       |       |       |       |     1 |     1 ||     2
  Use: Scroll            |       |       |    15 |    11 |    12 |     9 |    11 ||    58
       Potion            |       |       |     1 |     9 |     8 |     6 |    10 ||    34
 Stab: Paralysed         |       |       |       |       |     4 |       |       ||     4
       Petrified         |       |       |       |       |       |     1 |       ||     1
       Distracted        |       |       |       |       |       |       |     1 ||     1
Armor: Leather armour    |    41 |     9 |    29 |    15 |       |       |       ||    94
       Acid dragon scale |       |       |       |   106 |   217 |   177 |   146 ||   646
       Skin              |       |       |       |    29 |    10 |       |       ||    39
Dodge: Dodged            |    56 |    35 |   142 |   250 |   542 |   306 |   210 ||  1541
Block: Buckler           |       |       |    11 |    98 |   159 |   187 |   172 ||   627
       Reflection        |       |       |       |       |       |    25 |    51 ||    76
       Other             |       |       |       |       |       |       |    18 ||    18

Table legend: (Time is in decaauts)
 A = Elapsed time spent in this place.
 B = Non-inter-level travel time spent in this place.
 C = Inter-level travel time spent in this place.
 D = Time resting spent in this place.
 E = Time spent auto-exploring this place.
 F = Levels seen in this place.
 G = Mean time per level.
                   A        B        C        D        E       F      G
               +--------+--------+--------+--------+--------+-----+--------+
         Total |  66701 |  63922 |   2779 |  28130 |  24436 |  35 | 1905.7 |
       Dungeon |  25533 |  23930 |   1603 |   7587 |  12175 |  15 | 1702.2 |
        Temple |    123 |    105 |     18 |      0 |     86 |   1 |  123.0 |
          Lair |  13770 |  13264 |    506 |   6915 |   4196 |   6 | 2295.0 |
        Shoals |   5045 |   4936 |    109 |   1875 |   2186 |   3 | 1681.7 |
     Snake Pit |  10985 |  10610 |    375 |   5690 |   3132 |   4 | 2746.2 |
  Orcish Mines |   4050 |   3939 |    111 |   2481 |    591 |   2 | 2025.0 |
   Elven Halls |   5092 |   5038 |     54 |   2420 |   1879 |   2 | 2546.0 |
       Ossuary |   1061 |   1061 |      0 |    434 |    191 |   1 | 1061.0 |
      Gauntlet |   1038 |   1038 |      0 |    727 |      0 |   1 | 1038.0 |
               +--------+--------+--------+--------+--------+-----+--------+

Top non-repeatable levels by time:
 Snake:4: 4852 daAuts
     D:8: 3979 daAuts
  Lair:2: 3552 daAuts
  Lair:5: 3479 daAuts
   Elf:1: 2855 daAuts
 Snake:1: 2758 daAuts
Shoals:2: 2678 daAuts
    D:10: 2403 daAuts
   Orc:1: 2378 daAuts
Shoals:1: 2352 daAuts
   Elf:2: 2236 daAuts
    D:15: 2203 daAuts
  Lair:1: 1943 daAuts
     D:6: 1942 daAuts
  Lair:6: 1897 daAuts
